 Dungeon Crawl Stone Soup version 0.26-b1-32-g5d43845318 (webtiles) character file.

Game seed: 16046783000798802192

48 Borgoz the Cudgeller (level 3, -1/30 HPs)
             Began as a Ghoul Gladiator on Jan 13, 2021.
             Slain by an ufetubus (2 damage)
             ... on level 2 of the Dungeon.
             The game lasted 00:01:04 (1355 turns).

Borgoz the Cudgeller (Ghoul Gladiator)              Turns: 1355, Time: 00:01:05

Health: -1/30      AC:  4    Str: 18    XL:     3   Next: 72%
Magic:  2/2        EV: 12    Int:  3    God:
Gold:   72         SH:  0    Dex: 10    Spells: 2/2 levels left

rFire    . . .     SeeInvis .   a - +0 flail
rCold    + . .     Faith    .   (no shield)
rNeg     + + +     Spirit   .   b - +0 leather armour
rPois    ∞         Reflect  .   c - +0 helmet
rElec    .         Harm     .   (no cloak)
rCorr    .         Rampage  .   (no gloves)
Will     .....                  (no boots)
Stlth    +.........             (no amulet)
HPRegen  0.00/turn              (no ring)
MPRegen  0.08/turn              (no ring)

@: attractive, flying, very slightly contaminated, invisible
A: claws 1, cold resistance 1, negative energy resistance 3, inhibited
regeneration, torment resistance, unbreathing
a: no special abilities


You were on level 2 of the Dungeon.
You visited 1 branch of the dungeon, and saw 2 of its levels.

You collected 72 gold pieces.

Inventory:

Hand Weapons
 a - a +0 flail (weapon)
Missiles
 d - 3 throwing nets (quivered)
Armour
 b - a +0 leather armour (worn)
 c - a +0 helmet (worn)
Scrolls
 e - 3 scrolls of amnesia {unknown}
 f - 3 scrolls of remove curse {unknown}
 g - a scroll of enchant armour {unknown}
 j - 3 scrolls of teleportation {unknown}
 k - a scroll of identify {unknown}
 m - a scroll of blinking {unknown}
 n - a scroll of magic mapping {unknown}
Potions
 h - a potion of flight


   Skills:
 * Level 2.9 Fighting
 * Level 3.1 Maces & Flails
 - Level 1.7 Throwing
 * Level 1.2 Armour
 * Level 3.0 Dodging


You had 2 spell levels left.
You didn't know any spells.
Your spell library was empty.

Dungeon Overview and Level Annotations

Branches:
Dungeon (2/15)

Altars:


Innate Abilities, Weirdness & Mutations

You thrive by killing the living.
You are immune to poison.
You have sharp fingernails.
Your flesh is cold resistant. (rC+)
You are immune to negative energy. (rN+++)
You do not regenerate when monsters are visible.
You are immune to unholy pain and torment.
You can survive without breathing.


Message History

The ufetubus hits you.
* * * LOW HITPOINT WARNING * * *
You see here a leopard gecko corpse.
The giant cockroach bites you but does no damage.
It was a potion of flight.
You feel very buoyant.
You fly up into the air.
The giant cockroach barely misses you.
It was a potion of invisibility.
You fade into invisibility!
The giant cockroach completely misses you.
You are very lightly contaminated with residual magic.
It was a potion of attraction.
You feel attractive to monsters.
The giant cockroach bites you but does no damage.
The giant cockroach misses you.
You barely miss the giant cockroach. The giant cockroach barely misses you.
You hit the giant cockroach.
You kill the giant cockroach!
The ufetubus misses you. The ufetubus hits you.
You die...

#########
########.......#
........>.....+
###..####.......#
#.........†...#
#.##.#####.##@#
#.#........##5# #
#.#........##K###.#.#.
#.#........##K........
###.#..(.....##..##.#.##
#............##...#
##............##...#
..............###..#
##....####.##.# #..#


You could see an ufetubus and 2 kobolds.

Vanquished Creatures
  A gnoll (D:1)
  A dart slug (D:1)
  3 leopard geckos
  A ball python (D:1)
  2 giant cockroaches
  2 goblins (D:1)
  5 hobgoblins
  5 jackals
  4 kobolds
  3 bats
  3 frilled lizards (D:1)
  3 rats (D:1)
33 creatures vanquished.

Notes
Turn   | Place    | Note
-------+----------+-------------------------------------------
     0 | D:1      | Borgoz the Ghoul Gladiator began the quest for the Orb.
     0 | D:1      | Reached XP level 1. HP: 17/17 MP: 0/0
   107 | D:1      | Reached XP level 2. HP: 17/25 MP: 1/1
   669 | D:1      | Reached skill level 1 in Armour
   669 | D:1      | Reached XP level 3. HP: 27/30 MP: 2/2
  1348 | D:2      | HP: 1/30 [ufetubus (4)]
  1355 | D:2      | Slain by an ufetubus

Illustrated notes

Levels and vault maps discovered:
D:1:      psy_arrival_heroes, layout_basic, serial_corexii_hall,
          chequers_hall_statues_wall_a, chequers_hall_statues_y,
          minmay_misc_feat_x
D:2:      layout_basic

Skill      XL: |  1  2 |
---------------+-------+-----
Maces & Flails | 3 |  3.1
Armour         | 1 |  1.2
Dodging        | 3 |  3.0
Fighting       | |  2.9
Throwing       | |  1.7

Action                   || total
-------------------------++-------
Melee: Flail             ||    89
Throw: Throwing net      ||     1
  Use: Potion            ||     3
Armor: Leather armour    ||    30
Dodge: Dodged            ||    93
